 Dungeon Crawl Stone Soup version 0.25-a0-1119-g28b6fd0c3b (webtiles) character file.

Game seed: 17443070991832228926, levelgen mode: deterministic

1218 Arximoufas the Thaumaturge (level 8, 0/45 HPs)
             Began as a Deep Elf Conjurer on May 18, 2020.
             Was a Believer of Vehumet.
             Slain by an ogre
             ... wielding a +0 giant club
              (31 damage)
             ... on level 5 of the Dungeon.
             The game lasted 01:02:19 (8552 turns).

Arximoufas the Thaumaturge (Deep Elf Conjurer)      Turns: 8552, Time: 01:02:19

Health: 0/45       AC:  2    Str:  5    XL:     8   Next: 22%
Magic:  22/22      EV: 15    Int: 23    God:    Vehumet [**....]
Gold:   196        SH:  0    Dex: 15    Spells: 16/23 levels left

rFire    . . .     SeeInvis .   w - +2 dagger (venom)
rCold    . . .     Gourm    .   (no shield)
rNeg     . . .     Faith    .   a - +0 robe
rPois    .         Spirit   .   (no helmet)
rElec    .         Reflect  .   (no cloak)
rCorr    .         Harm     .   (no gloves)
MR       .....                  (no boots)
Stlth    +++.......             (no amulet)
HPRegen  0.15/turn              (no ring)
MPRegen  0.18/turn              (no ring)

@: about to teleport
A: no striking features
a: Renounce Religion


You were on level 5 of the Dungeon.
You worshipped Vehumet.
Vehumet was pleased with you.
You were hungry.

You visited 1 branch of the dungeon, and saw 6 of its levels.
You also visited: Sewer.

You collected 196 gold pieces.

Inventory:

Hand Weapons
 w - a +2 dagger of venom (weapon)
Armour
 a - a +0 robe (worn)
 p - a +2 leather armour of poison resistance
Jewellery
 l - a +4 ring of protection {unknown}
Wands
 x - a wand of polymorph (2)
Scrolls
 b - a scroll of immolation {unknown}
 d - a scroll of amnesia {unknown}
 i - 2 scrolls of random uselessness {unknown}
 k - 2 scrolls of enchant weapon
 o - 5 scrolls of remove curse
 q - 2 scrolls of fear {unknown}
 r - 6 scrolls of teleportation
 u - 2 scrolls of fog {unknown}
 y - 3 scrolls of identify {unknown}
 A - a scroll of magic mapping {unknown}
Potions
 e - 2 potions of curing {unknown}
 f - a potion of brilliance {unknown}
 g - 2 potions of magic {unknown}
 h - 2 potions of lignification {unknown}
 j - a potion of resistance {unknown}
 m - 3 potions of stabbing {unknown}
 n - a potion of might {unknown}
 s - 2 potions of invisibility {unknown}
 t - 3 potions of heal wounds {unknown}
 v - 3 potions of haste {unknown}
 z - a potion of mutation {unknown}
Comestibles
 c - 8 rations
 B - a chunk of flesh


   Skills:
 + Level 2.4 Fighting
 + Level 4.7 Dodging
 + Level 5.1 Stealth
 - Level 8.0 Spellcasting
 + Level 6.3 Conjurations
 - Level 3.0 Hexes
 + Level 2.1 Air Magic


You had 16 spell levels left.
You knew the following spells:

 Your Spells              Type           Power        Failure   Level  Hunger
a - Magic Dart            Conj           ####         1%          1    None
b - Dazzling Flash        Conj/Hex       ####..       3%          3    None
c - Searing Ray           Conj           #####.       1%          2    None
d - Shock                 Conj/Air       ####         1%          1    None

Your spell library contained the following spells:

 Spells                   Type           Power        Failure   Level  Hunger
 Sandblast                Erth           #.....       7%          1    None
 Fulminant Prism          Conj/Hex       ####......   10%         4    ###....
 Iskenderun's Mystic Bla  Conj/Tloc      ###.....     19%         4    ###....


Dungeon Overview and Level Annotations

Branches:
Dungeon (6/15)             Temple (0/1) D:4           Sewer (visited)

Altars:
Ashenzari
Gozag
Okawaru
Ru
Sif Muna
Trog
Vehumet
Wu Jian
Yredelemnul
Zin

Shops:
D:6 ?

Annotations:
D:5 exclusion: centaur


Message History

You feel your power returning.
You see here a jackal corpse.
You butcher the jackal corpse.
B - a chunk of flesh You see here a jackal skeleton.
There is a stone staircase leading down here.
You climb downwards.
The ogre barely misses you.
There is a stone staircase leading up here.
You climb upwards.
Level annotation: exclusion: centaur
There is a stone staircase leading down here.
The ogre hits you with a +0 giant club!!
Ouch! That really hurt!
You are feeling hungry.
The ogre misses you.
As you read the scroll of teleportation, it crumbles to dust.
You feel strangely unstable.
The ogre hits you with a +0 giant club!!
Ouch! That really hurt!
You die...

##......#####.#####..#
# ##......#
#..........# #
##......# #.#..##.#..#
#
##......###.##.##.#..#
#
###.........##..#.#..#
#
###########.###.#.#..#
# (......####.#
#.#.#..# #
######.#....# #...#s.#
#
.......#.##.####@.#..#
#
.......#.##....O..#..#
#
######.#..........#..#
#
....##.#####......#c.#
# .........#
#......#..# #
)...##.#.# #.####....#
# ....##.#.#
#...[.....### #
....##.#.#
#######....<#
....##.#.# #.....# #


You could see an ogre.

Vanquished Creatures
  Purgy (Sewer)
  A phantom (D:4)
  A sky beast (D:5)
  An ogre (D:6)
  2 crimson imps (D:5)
  A centaur zombie (D:5)
  3 hounds (D:4)
  A jelly (D:5)
  3 orc priests
  An iguana (D:4)
  3 orc wizards
  Ijyb (D:3)
  3 worker ants
  A hound zombie (D:5)
  2 hound skeletons (D:5)
  3 gnolls (D:5)
  12 adders
  A howler monkey skeleton (D:4)
  2 shadow imps (D:5)
  2 oozes
  A worm (D:3)
  2 dart slugs
  2 leopard geckos
  21 orcs
  3 bats
  6 giant cockroaches
  8 goblins
  8 hobgoblins
  7 jackals
  6 kobolds
  4 quokkas
  5 ball pythons
  7 frilled lizards
  A jackal skeleton (D:4)
  2 quokka zombies
  8 rats
136 creatures vanquished.

Notes
Turn   | Place    | Note
-------+----------+-------------------------------------------
     0 | D:1      | Arximoufas the Deep Elf Conjurer began the quest for the
                  | Orb.
     0 | D:1      | Reached XP level 1. HP: 10/10 MP: 6/6
   274 | D:2      | Reached XP level 2. HP: 7/15 MP: 1/8
   441 | D:2      | Found an iron altar of Okawaru.
   566 | D:2      | Reached skill level 4 in Spellcasting
   894 | D:2      | You fall into a shaft and drop 2 floors!
   906 | D:3      | Reached XP level 3. HP: 19/19 MP: 4/10
  1225 | D:2      | Reached skill level 5 in Spellcasting
  1225 | D:2      | Reached skill level 5 in Conjurations
  1342 | D:2      | Found an ornate altar of the Wu Jian Council.
  1342 | D:2      | Found a bloodstained altar of Trog.
  1421 | D:2      | Reached XP level 4. HP: 24/24 MP: 9/13
  1698 | D:1      | Learned a level 3 spell: Dazzling Flash
  2857 | D:3      | Reached XP level 5. HP: 27/28 MP: 4/15
  3533 | D:3      | Found a glowing silver altar of Zin.
  3533 | D:3      | Found a faded altar of an unknown god.
  3538 | D:3      | Found a basalt altar of Yredelemnul.
  3540 | D:3      | Found a radiant altar of Vehumet.
  3542 | D:3      | Found a faded altar of an unknown god.
  3565 | D:3      | Became a worshipper of Vehumet
  3614 | D:3      | Found a shattered altar of Ashenzari.
  3664 | D:4      | Noticed a phantom
  3689 | D:4      | Found a staircase to the Ecumenical Temple.
  3692 | D:4      | Reached skill level 6 in Spellcasting
  3959 | D:4      | Reached XP level 6. HP: 33/33 MP: 12/17
  4021 | D:4      | Found a shimmering blue altar of Sif Muna.
  4155 | D:4      | Reached skill level 1 in Fighting
  4155 | D:4      | Reached skill level 1 in Hexes
  4581 | D:4      | Noticed Ijyb
  4995 | D:3      | Learned a level 2 spell: Searing Ray
  5015 | D:3      | Killed Ijyb
  5589 | D:4      | Reached skill level 7 in Spellcasting
  5625 | D:4      | Reached XP level 7. HP: 38/38 MP: 11/19
  5764 | D:4      | Reached * piety under Vehumet
  5764 | D:4      | Offered knowledge of Shock by Vehumet.
  5767 | D:4      | Learned a level 1 spell: Shock
  5967 | D:5      | Entered Level 5 of the Dungeon
  6087 | D:5      | Found a sacrificial altar of Ru.
  6302 | D:5      | Found an opulent altar of Gozag.
  6330 | D:5      | Found a glowing drain.
  6374 | Sewer    | Entered a sewer
  6450 | Sewer    | Noticed Purgy
  6479 | Sewer    | Killed Purgy
  6479 | Sewer    | Reached skill level 1 in Air Magic
  7078 | D:5      | Reached skill level 8 in Spellcasting
  7078 | D:5      | Reached XP level 8. HP: 38/44 MP: 13/22
  7491 | D:5      | Offered knowledge of Sandblast by Vehumet.
  7556 | D:5      | Reached ** piety under Vehumet
  7763 | D:6      | Reached skill level 5 in Stealth
  7804 | D:6      | Found Xaics's Magic Scroll Shoppe.
  8552 | D:5      | Slain by an ogre

Illustrated notes

Levels and vault maps discovered:
D:1:      mrwooster_arrival_arrow, layout_loops_ring,
          chequers_serial_rivers_micro_d
D:2:      layout_loops_ring, gammafunk_temple_overflow_wave, okawaru_trees_1
D:3:      layout_rooms, lemuel_coloured_pillars_altar,
          chequers_temple_overflow_minitemple, first_ration
D:4:      layout_basic, old_standard_altar, minmay_temple_entry_proselytizer,
          minmay_misc_feat_square, uniq_ijyb
D:5:      layout_basic, nicolae_ru_sacrificial_ziggurat, lemuel_round_altar,
          portal_sewer_entry_a, kennysheep_minor_cross, hex_intersection
D:6:      layout_loops_ring, serial_shops, nicolae_shop_window_shopping,
          nicolae_shop_behind_doors, shop, minmay_misc_feat_chi

Skill      XL: |  1  2  3  4  5  6  7  8 |
---------------+-------------------------+-----
Spellcasting   | 4 5 6 7 8 |  8.0
Conjurations   | 5 6 |  6.3
Dodging        | 3 4 |  4.7
Stealth        | 3 4 5 |  5.1
Fighting       | 1 2 |  2.4
Hexes          | 1 3 |  3.0
Air Magic      | 1 2 |  2.1

Action                   |  1- 3 |  4- 6 |  7- 9 || total
-------------------------+-------+-------+-------++-------
Melee: Unarmed           |       |     9 |       ||     9
       Dagger            |       |     1 |       ||     1
 Cast: Magic Dart        |    59 |   179 |    51 ||   289
       Searing Ray       |       |     7 |    26 ||    33
       Dazzling Flash    |       |     3 |     5 ||     8
       Shock             |       |       |    38 ||    38
  Use: Scroll            |       |     3 |     1 ||     4
 Stab: Confused          |       |     1 |       ||     1
  Eat: Ration            |     1 |     1 |     1 ||     3
       Chunk             |       |     7 |     5 ||    12
Armor: Robe              |     4 |     4 |     5 ||    13
       Skin              |       |     1 |       ||     1
Dodge: Dodged            |    12 |    33 |    32 ||    77

Table legend:
 A = Non-vault XP
 B = Vault XP
 C = Vault XP percentage of total XP
 D = Non-vault monster count
 E = Vault monster count
 F = Vault count percentage of total count
                 A         B        C        D         E       F
            +---------+---------+-------+---------+---------+-------
      Total |    1472 |     269 |  15.5 |     122 |      14 |  10.3
            +---------+---------+-------+---------+---------+-------
        D:1 |      47 |       0 |   0.0 |      26 |       0 |   0.0
        D:2 |      93 |       0 |   0.0 |      16 |       0 |   0.0
        D:3 |     114 |      36 |  24.0 |      28 |       1 |   3.4
        D:4 |     457 |      41 |   8.2 |      21 |       1 |   4.5
        D:5 |     540 |       6 |   1.1 |      24 |       4 |  14.3
        D:6 |     221 |       0 |   0.0 |       7 |       0 |   0.0
      Sewer |       0 |     186 | 100.0 |       0 |       8 | 100.0
            +---------+---------+-------+---------+---------+-------
